PBL
TEXAS RANGERS @ COLORADO ROCKIES
04/21/2071
 
TOP OF THE 1ST
Texas Rangers batting - Pitching for Colorado Rockies : RHP José Franco
Pitching: RHP José Franco
Batting: LHB Ken'ichi Matsuura 0-0: Fly out, F9 (Flyball, 89M, EV 88.8 MPH)
Batting: SHB Cary Mench 0-0: Ball
1-0: Ball
2-0: Ball
3-0: Called Strike
3-1: Base on Balls
Batting: LHB Noburo Oike 0-0: Called Strike
0-1: Hit by Pitch
Cary Mench to second
Batting: LHB Michael Gutiérrez 0-0: Called Strike
0-1: Ball
1-1: Ball
2-1: Called Strike
2-2: Strikes out looking
Batting: LHB Ben Williamson 0-0: Ball
1-0: Ball
2-0: Foul Ball, location: 7LDF
2-1: Ball
3-1: Foul Ball, location: 5SF
3-2: Base on Balls
Cary Mench to third
Noburo Oike to second
Batting: LHB Dave Baker 0-0: Called Strike
0-1: Called Strike
0-2: Ball
1-2: Foul Ball, location: 5F
1-2: Foul Ball, location: 3DF
1-2: Ball
2-2: Ball
3-2: Foul Ball, location: 5F
3-2: Foul Ball, location: 7LDF
3-2: TRIPLE (Flyball, 89XD, EV 95.6 MPH)
Cary Mench scores
Noburo Oike scores
Ben Williamson scores
Batting: RHB Richard Kinney 0-0: Called Strike
0-1: Called Strike
0-2: Ball
1-2: Ball
2-2: Ball
3-2: Strikes out looking
Top of the 1st over - 3 runs, 1 hit, 0 errors, 1 left on base; Texas 3 - Colorado 0
BOTTOM OF THE 1ST
Colorado Rockies batting - Pitching for Texas Rangers : LHP Joe Wheeler
Pitching: LHP Joe Wheeler
Batting: RHB Cedric McNeill 0-0: Called Strike
0-1: Called Strike
0-2: Ball
1-2: Ball
2-2: Strikes out looking
Batting: RHB Ryan Russell 0-0: Ball
1-0: Swinging Strike
1-1: Swinging Strike
1-2: Strikes out swinging
Batting: RHB Chip Smith 0-0: Called Strike
0-1: Ball
1-1: DOUBLE (Flyball, 8LXD, EV 105.0 MPH)
Batting: RHB Patrick Hammond 0-0: Ball
1-0: Foul Ball, location: 2F
1-1: Ball
2-1: Foul Ball, location: 9LSF
2-2: Fly out, F8 (Line Drive, 89D, EV 95.6 MPH)
Bottom of the 1st over - 0 runs, 1 hit, 0 errors, 1 left on base; Texas 3 - Colorado 0
TOP OF THE 2ND
Texas Rangers batting - Pitching for Colorado Rockies : RHP José Franco
Batting: LHB Claudio Valenzuela 0-0: Ball
1-0: Ball
2-0: Called Strike
2-1: Foul Ball, location: 2RF
2-2: Fly out, F9 (Flyball, 9, EV 95.6 MPH)
Batting: RHB Gerald Weaver 0-0: Foul Ball, location: 2F
0-1: Fly out, F5 (Popup, 25, EV 85.0 MPH)
Batting: LHB Ken'ichi Matsuura 0-0: DOUBLE (Flyball, 8RXD, EV 97.5 MPH)
Batting: SHB Cary Mench 0-0: Called Strike
0-1: Swinging Strike
0-2: SINGLE (Line Drive, 6D, EV 95.6 MPH)
Ken'ichi Matsuura to third
Runner from 3rd tries for Home, SAFE, throw by LF to home
Batting: LHB Noburo Oike 0-0: Ball
1-0: Foul Ball, location: 9LSFF
1-1: Ball
2-1: Foul Ball, location: 9LMF
2-2: Ball
3-2: Strikes out looking
Top of the 2nd over - 1 run, 2 hits, 0 errors, 1 left on base; Texas 4 - Colorado 0
BOTTOM OF THE 2ND
Colorado Rockies batting - Pitching for Texas Rangers : LHP Joe Wheeler
Batting: RHB Clyde Walmsley 0-0: Foul Ball, location: 2F
0-1: Foul Ball, location: 2F
0-2: DOUBLE (Flyball, 9LD, EV 107.5 MPH)
Batting: LHB Kokei Kobayashi 0-0: Fly out, F7 (Flyball, 7, EV 93.1 MPH)
Batting: RHB José Hernández 0-0: Fly out, F9 (Line Drive, 9, EV 84.4 MPH)
Batting: LHB Ángel Hernández 0-0: Ball
1-0: Ball
2-0: Ball
3-0: Swinging Strike
3-1: Swinging Strike
3-2: Strikes out swinging
Bottom of the 2nd over - 0 runs, 1 hit, 0 errors, 1 left on base; Texas 4 - Colorado 0
TOP OF THE 3RD
Texas Rangers batting - Pitching for Colorado Rockies : RHP José Franco
Batting: LHB Michael Gutiérrez 0-0: Ball
1-0: Called Strike
1-1: Foul Ball, location: 2F
1-2: Foul Ball, location: 5DF
1-2: Strikes out swinging
Batting: LHB Ben Williamson 0-0: Foul Ball, location: 3FF
0-1: SOLO HOME RUN (Line Drive, 9D, EV 110.6 MPH), Distance : 406 ft
Pitching: RHP Mike O'Brien
Batting: LHB Dave Baker 0-0: Called Strike
0-1: Fly out, F8 (Flyball, 8RM, EV 98.1 MPH)
Batting: RHB Richard Kinney 0-0: Ball
1-0: Swinging Strike
1-1: Ball
2-1: Called Strike
2-2: DOUBLE (Line Drive, 7LS, EV 95.0 MPH)
Batting: LHB Claudio Valenzuela 0-0: Ball
1-0: SINGLE (Line Drive, 6M, EV 97.5 MPH)
Richard Kinney to third
Runner from 3rd tries for Home, SAFE, throw by CF to home
Batting: RHB Gerald Weaver 0-0: Ball
1-0: Ball
Claudio Valenzuela steals 2nd base
2-0: Ground out 6-3 (Groundball, 6, EV 103.8 MPH)
Top of the 3rd over - 2 runs, 3 hits, 0 errors, 1 left on base; Texas 6 - Colorado 0
BOTTOM OF THE 3RD
Colorado Rockies batting - Pitching for Texas Rangers : LHP Joe Wheeler
Batting: RHB Rubén Alaniz 0-0: Foul Ball, location: 2F
0-1: Called Strike
0-2: Ball
1-2: Ground out 6-3 (Groundball, 6S, EV 66.9 MPH)
Batting: RHB Cedric McNeill 0-0: Called Strike
0-1: Foul Ball, location: 2F
0-2: Foul Ball, location: 2F
0-2: Ball
1-2: Strikes out swinging
Batting: RHB Ryan Russell 0-0: Foul Ball, location: 7LDF
0-1: Foul Ball, location: 9LDF
0-2: Ball
1-2: Foul Ball, location: 7LSF
1-2: Fly out, F7 (Line Drive, 7S, EV 97.5 MPH)
Bottom of the 3rd over - 0 runs, 0 hits, 0 errors, 0 left on base; Texas 6 - Colorado 0
TOP OF THE 4TH
Texas Rangers batting - Pitching for Colorado Rockies : RHP Mike O'Brien
Batting: LHB Ken'ichi Matsuura 0-0: Ball
1-0: Ball
2-0: Ball
3-0: Foul Ball, location: 2F
3-1: Foul Ball, location: 7LMF
3-2: Fly out, F7 (Flyball, 7S, EV 79.4 MPH)
Batting: SHB Cary Mench 0-0: Ball
1-0: Ball
2-0: Called Strike
2-1: Foul Ball, location: 9LMF
2-2: Ball
3-2: Strikes out looking
Batting: LHB Noburo Oike 0-0: Foul Ball, location: 2F
0-1: Ball
1-1: Ball
2-1: Ball
3-1: Called Strike
3-2: Fly out, F4 (Popup, 4D, EV 46.3 MPH)
Top of the 4th over - 0 runs, 0 hits, 0 errors, 0 left on base; Texas 6 - Colorado 0
BOTTOM OF THE 4TH
Colorado Rockies batting - Pitching for Texas Rangers : LHP Joe Wheeler
Batting: RHB Chip Smith 0-0: Called Strike
0-1: Ball
1-1: Called Strike
1-2: Ball
2-2: Strikes out swinging
Batting: RHB Patrick Hammond 0-0: Foul Ball, location: 9LDF
0-1: Ball
1-1: Ball
2-1: Foul Ball, location: 9LDF
2-2: Strikes out swinging
Batting: RHB Clyde Walmsley 0-0: Ball
1-0: Foul Ball, location: 5FF
1-1: Foul Ball, location: 2F
1-2: Ball
2-2: Fly out, F8 (Flyball, 89M, EV 96.3 MPH)
Bottom of the 4th over - 0 runs, 0 hits, 0 errors, 0 left on base; Texas 6 - Colorado 0
TOP OF THE 5TH
Texas Rangers batting - Pitching for Colorado Rockies : RHP Mike O'Brien
Batting: LHB Michael Gutiérrez 0-0: Ball
1-0: Ball
2-0: Fly out, F8 (Flyball, 8LD, EV 105.0 MPH)
Batting: LHB Ben Williamson 0-0: SINGLE (Line Drive, 7S, EV 100.0 MPH)
Pitching: RHP Daniel Reynolds
Batting: LHB Dave Baker 0-0: Foul Ball, location: 25F
0-1: Called Strike
0-2: Strikes out looking
Batting: RHB Richard Kinney 0-0: Ball
1-0: Ball
2-0: Called Strike
2-1: Fly out, F8 (Flyball, 8LD, EV 90.6 MPH)
Top of the 5th over - 0 runs, 1 hit, 0 errors, 1 left on base; Texas 6 - Colorado 0
BOTTOM OF THE 5TH
Colorado Rockies batting - Pitching for Texas Rangers : LHP Joe Wheeler
Batting: LHB Kokei Kobayashi 0-0: Ball
1-0: Foul Ball, location: 3SF
1-1: Ball
2-1: Foul Ball, location: 2F
2-2: Ball
3-2: Foul Ball, location: 7LSFF
3-2: Base on Balls
Batting: RHB José Hernández 0-0: Ball
1-0: Foul Ball, location: 2F
1-1: Foul Ball, location: 25F
1-2: Ball
2-2: Foul Ball, location: 5F
2-2: Ball
3-2: Strikes out swinging
Batting: LHB Ángel Hernández 0-0: Ball
1-0: Swinging Strike
1-1: Ball
2-1: Called Strike
2-2: SINGLE (Line Drive, 8RS, EV 88.8 MPH)
Kokei Kobayashi to second
Batting: RHB Rubén Alaniz 0-0: Called Strike
0-1: Ball
Kokei Kobayashi steals 3rd base
1-1: Ball
2-1: SINGLE (Groundball, 4M, EV 101.3 MPH)
Kokei Kobayashi scores
Ángel Hernández to second
Runner from 2nd tries for 3rd, SAFE, throw by CF made to third
Batting: RHB Cedric McNeill 0-0: Ball
1-0: Ball
2-0: Ball
3-0: Called Strike
3-1: Base on Balls
Rubén Alaniz to second
Batting: RHB Ryan Russell 0-0: Swinging Strike
0-1: Foul Ball, location: 2F
0-2: Ball
1-2: Ball
2-2: Ball
3-2: Foul Ball, location: 2F
3-2: Foul Ball, location: 2F
3-2: Foul Ball, location: 7LMFF
3-2: Strikes out swinging
Pitching: RHP Jim Dawson
Batting: RHB Chip Smith 0-0: Foul Ball, location: 5FF
0-1: Fly out, F9 (Flyball, 89S, EV 75.6 MPH)
Bottom of the 5th over - 1 run, 2 hits, 0 errors, 3 left on base; Texas 6 - Colorado 1
TOP OF THE 6TH
Texas Rangers batting - Pitching for Colorado Rockies : RHP Daniel Reynolds
Batting: LHB Claudio Valenzuela 0-0: Called Strike
0-1: Foul Ball, location: 7LSF
0-2: Strikes out swinging
Batting: RHB Gerald Weaver 0-0: Ball
1-0: Ball
2-0: Foul Ball, location: 5F
2-1: SINGLE (Line Drive, 7S, EV 103.8 MPH)
Batting: LHB Ken'ichi Matsuura 0-0: Ball
1-0: Foul Ball, location: 2F
1-1: Fly out, F7 (Flyball, 7, EV 82.5 MPH)
Batting: SHB Cary Mench 0-0: Fly out, F9 (Flyball, 9, EV 98.8 MPH)
Top of the 6th over - 0 runs, 1 hit, 0 errors, 1 left on base; Texas 6 - Colorado 1
BOTTOM OF THE 6TH
Colorado Rockies batting - Pitching for Texas Rangers : RHP Jim Dawson
Batting: RHB Patrick Hammond 0-0: Called Strike
0-1: Fly out, F8 (Flyball, 8LD, EV 85.6 MPH)
Batting: RHB Clyde Walmsley 0-0: Ball
1-0: Foul Ball, location: 9LSF
1-1: Reached on error, E6 (Groundball, 6, EV 108.1 MPH)
Batting: LHB Kokei Kobayashi 0-0: DOUBLE (Line Drive, 89D, EV 105.6 MPH)
Clyde Walmsley to third
Runner from 3rd tries for Home, SAFE, no throw by CF
Batting: RHB José Hernández 0-0: Ball
1-0: Called Strike
1-1: Swinging Strike
1-2: Foul Ball, location: 9LSF
1-2: SINGLE (Groundball, P, EV 76.9 MPH) (infield hit)
Kokei Kobayashi to third
Batting: LHB Ángel Hernández 0-0: Ball
1-0: Ball
José Hernández steals 2nd base (no throw)
2-0: Called Strike
2-1: Ball
3-1: SINGLE (Line Drive, 8LS, EV 100.6 MPH)
Kokei Kobayashi scores
José Hernández to third
Runner from 3rd tries for Home, SAFE, throw by CF to home
Ángel Hernández to second
Batting: RHB Rubén Alaniz 0-0: Ball
1-0: Swinging Strike
1-1: Foul Ball, location: 3DF
1-2: Ball
2-2: Ball
3-2: Fly out, F9 (Flyball, 89D, EV 110.0 MPH)
Pitching: RHP Andre Hale
Batting: RHB Cedric McNeill 0-0: Foul Ball, location: 5F
0-1: Ball
1-1: Ball
2-1: Foul Ball, location: 25F
2-2: Ball
3-2: Fly out, F7 (Flyball, 78M, EV 85.0 MPH)
Bottom of the 6th over - 3 runs, 3 hits, 1 error, 1 left on base; Texas 6 - Colorado 4
TOP OF THE 7TH
Texas Rangers batting - Pitching for Colorado Rockies : RHP Daniel Reynolds
Batting: LHB Noburo Oike 0-0: Called Strike
0-1: Ball
1-1: Ball
2-1: Foul Ball, location: 3SF
2-2: Foul Ball, location: 25F
2-2: Foul Ball, location: 9LMF
2-2: Foul Ball, location: 2F
2-2: Fly out, F8 (Flyball, 8RD, EV 105.0 MPH)
Batting: LHB Michael Gutiérrez 0-0: Called Strike
0-1: Ball
1-1: Ball
2-1: Swinging Strike
2-2: Foul Ball, location: 2F
2-2: TRIPLE (Flyball, 89XD, EV 93.8 MPH)
Batting: LHB Ben Williamson 0-0: Called Strike
0-1: Ball
1-1: Fly out, F8 (Flyball, 8RXD, EV 103.8 MPH)
Runner from 3rd tags up, SCORES, no throw by CF
Batting: LHB Dave Baker 0-0: Ball
1-0: Ground out 3-1 (Groundball, 34, EV 107.5 MPH)
Top of the 7th over - 1 run, 1 hit, 0 errors, 0 left on base; Texas 7 - Colorado 4
BOTTOM OF THE 7TH
Colorado Rockies batting - Pitching for Texas Rangers : RHP Andre Hale
Batting: RHB Ryan Russell 0-0: Ball
1-0: Ball
2-0: Ball
3-0: SOLO HOME RUN (Flyball, 8LXD, EV 104.4 MPH), Distance : 437 ft
Batting: RHB Chip Smith 0-0: Fly out, F7 (Flyball, 78M, EV 95.0 MPH)
Batting: RHB Patrick Hammond 0-0: Ball
1-0: Foul Ball, location: 3FF
1-1: Swinging Strike
1-2: Ball
2-2: Ball
3-2: Strikes out looking
Batting: RHB Clyde Walmsley 0-0: Ball
1-0: Called Strike
1-1: Foul Ball, location: 9LSF
1-2: Strikes out swinging
Bottom of the 7th over - 1 run, 1 hit, 0 errors, 0 left on base; Texas 7 - Colorado 5
TOP OF THE 8TH
Texas Rangers batting - Pitching for Colorado Rockies : RHP Daniel Reynolds
Pitching: RHP Alfred Bailey
Batting: RHB Richard Kinney 0-0: Called Strike
0-1: Ball
1-1: Called Strike
1-2: Strikes out looking
Batting: LHB Claudio Valenzuela 0-0: Ball
1-0: Foul Ball, location: 2F
1-1: Swinging Strike
1-2: DOUBLE (Groundball, 3L, EV 100.0 MPH)
Batting: RHB Gerald Weaver 0-0: Called Strike
0-1: Called Strike
0-2: Strikes out looking
Batting: LHB Ken'ichi Matsuura 0-0: Ball
Wild Pitch!
Claudio Valenzuela to third
1-0: Foul Ball, location: 2F
1-1: Fly out, F9 (Flyball, 9LSF, EV 87.5 MPH)
Top of the 8th over - 0 runs, 1 hit, 0 errors, 1 left on base; Texas 7 - Colorado 5
BOTTOM OF THE 8TH
Colorado Rockies batting - Pitching for Texas Rangers : RHP Andre Hale
Batting: LHB Kokei Kobayashi 0-0: Ball
1-0: Foul Ball, location: 7LMF
1-1: Ball
2-1: Foul Ball, location: 2F
2-2: Ball
3-2: Foul Ball, location: 5FF
3-2: Base on Balls
Batting: RHB José Hernández 0-0: Foul Ball, location: 2F
0-1: Ground out 4-3 (Groundball, 4, EV 76.3 MPH)
Kokei Kobayashi to second
Pitching: LHP Dian Suharto
Batting: LHB Ángel Hernández 0-0: Ball
1-0: Called Strike
1-1: Ball
2-1: Swinging Strike
2-2: Foul Ball, location: 7LSF
2-2: Ball
3-2: Base on Balls
Batting: RHB Rubén Alaniz 0-0: Called Strike
0-1: Ball
1-1: Foul Ball, location: 2F
1-2: Foul Ball, location: 25FF
1-2: Ball
2-2: Strikes out swinging
Batting: RHB Cedric McNeill 0-0: Called Strike
0-1: Ball
1-1: Foul Ball, location: 2F
1-2: Foul Ball, location: 3SF
1-2: Foul Ball, location: 7LMFF
1-2: Ball
2-2: Strikes out swinging
Bottom of the 8th over - 0 runs, 0 hits, 0 errors, 2 left on base; Texas 7 - Colorado 5
TOP OF THE 9TH
Texas Rangers batting - Pitching for Colorado Rockies : RHP Alfred Bailey
Batting: SHB Cary Mench 0-0: Called Strike
0-1: Called Strike
0-2: Fly out, F2 (Popup, 2LF, EV 94.4 MPH)
Batting: LHB Noburo Oike 0-0: Called Strike
0-1: Ball
1-1: Ball
2-1: Ball
3-1: Foul Ball, location: 2F
3-2: SINGLE (Groundball, 34D, EV 100.0 MPH)
Batting: LHB Michael Gutiérrez 0-0: Hit by Pitch
Noburo Oike to second
Batting: LHB Ben Williamson 0-0: Foul Ball, location: 2F
0-1: Ball
1-1: Ball
2-1: Ball
3-1: Base on Balls
Noburo Oike to third
Michael Gutiérrez to second
Pitching: RHP Van Collier
Batting: LHB Dave Baker 0-0: Ball
1-0: Called Strike
1-1: Foul Ball, location: 7LDF
1-2: Ball
2-2: Grounds into fielders choice 3-2 (Groundball, 34S, EV 89.4 MPH)
Michael Gutiérrez to third
Ben Williamson to second
Batting: RHB Richard Kinney 0-0: Swinging Strike
0-1: Ground out 5-3 (Groundball, 56S, EV 70.0 MPH)
Top of the 9th over - 0 runs, 1 hit, 0 errors, 3 left on base; Texas 7 - Colorado 5
BOTTOM OF THE 9TH
Colorado Rockies batting - Pitching for Texas Rangers : LHP Dian Suharto
Pitching: RHP A.J Klein
Batting: RHB Ryan Russell 0-0: Called Strike
0-1: Ball
1-1: Foul Ball, location: 2F
1-2: Strikes out swinging
Batting: RHB Chip Smith 0-0: Called Strike
0-1: Ball
1-1: Fly out, F8 (Flyball, 8RD, EV 103.1 MPH)
Batting: RHB Patrick Hammond 0-0: Called Strike
0-1: Ball
1-1: Ball
2-1: Ball
3-1: SINGLE (Groundball, 4S, EV 71.3 MPH) (infield hit)
Batting: RHB Clyde Walmsley 0-0: Foul Ball, location: 2F
0-1: Ball
1-1: SINGLE (Groundball, 56S, EV 66.3 MPH) (infield hit)
Patrick Hammond to second
Pinch Runner at 2nd William Pearson:
Batting: LHB Kokei Kobayashi 0-0: Called Strike
0-1: Called Strike
0-2: Strikes out swinging
Bottom of the 9th over - 0 runs, 2 hits, 0 errors, 2 left on base; Texas 7 - Colorado 5
Wednesday, April 10th , 2024 - OOTP Baseball 24.10 Build 82